 Dungeon Crawl Stone Soup version 0.19-a0-1238-gee6bd96 (webtiles) character file.

173 Vasilisck the Shield-Bearer (level 5, -9/46 HPs)
             Began as a Minotaur Fighter on Aug 26, 2016.
             Killed by divine providence
             ... invoked by an orc priest
              (11 damage)
             ... on level 3 of the Dungeon.
             The game lasted 00:05:13 (2212 turns).

Vasilisck the Shield-Bearer (Minotaur Fighter)      Turns: 2212, Time: 00:05:14

Health: -9/46      AC:  8    Str: 26    XL:     5   Next: 28%
Magic:  4/4        EV:  8    Int:  5    God:
Gold:   100        SH: 12    Dex: 10    Spells: 0 memorised, 4 levels left

rFire  . . .     SeeInvis .     a - +0 war axe
rCold  . . .     Gourm    .     b - +0 scale mail
rNeg   . . .     Faith    .     m - +2 shield
rPois  .         Spirit   .     (helmet restricted)
rElec  .         Dismiss  .     (no cloak)
rCorr  .         Reflect  .     o - +0 pair of gloves
MR     .....     Harm     .     (no boots)
Stlth  ..........               (no amulet)
                                (no ring)
                                (no ring)

@: mighty
A: retaliatory headbutt, horns 2
a: no special abilities


You were on level 3 of the Dungeon.
You were not hungry.

You visited 1 branch of the dungeon, and saw 3 of its levels.

You collected 100 gold pieces.

Inventory:

Hand Weapons
 a - a +0 war axe (weapon)
Armour
 b - a +0 scale mail (worn)
 m - a +2 shield (worn)
 o - a +0 pair of gloves (worn)
Scrolls
 c - a scroll of teleportation {unknown}
 e - 4 scrolls of identify {unknown}
 g - a scroll of recharging {unknown}
 k - a scroll of remove curse {unknown}
 n - a scroll of enchant armour {unknown}
 q - a scroll of blinking {unknown}
Potions
 h - a potion of degeneration {unknown}
 i - a potion of curing
 j - a potion of resistance {unknown}
 l - a potion of berserk rage {unknown}
Comestibles
 f - 3 bread rations
 p - a meat ration
 r - a chunk of flesh


   Skills:
 + Level 4.3 Fighting
 + Level 4.1 Axes
 + Level 4.7 Armour
 + Level 5.1 Shields


You had 4 spell levels left.
You didn't know any spells.

Dungeon Overview and Level Annotations

Branches:
Dungeon (3/15)

Altars:
Xom


Innate Abilities, Weirdness & Mutations

You reflexively headbutt those who attack you in melee.
You have a pair of horns on your head.


Message History

You see here a stone.
You hit the orc priest but do no damage.
The orc priest invokes the aid of Beogh against you.
Pain shoots through your body!
* * * LOW HITPOINT WARNING * * *
The orc priest casts a cantrip, but nothing happens.
You are too injured to fight recklessly!
It was a potion of curing.
You feel better. The orc priest hits you with a club.
You feel very mighty all of a sudden.
The orc priest casts a cantrip, but nothing happens.
You barely miss the orc priest.
The orc priest mumbles some strange prayers to Beogh against you.
Beogh smites you!
* * * LOW HITPOINT WARNING * * *
You slash the orc priest!
The orc priest is almost dead.
The orc priest calls down the wrath of Beogh upon you.
Beogh smites you!
You die...

#.......### #..#.#
g#.........# ##.#.#
..o........# #.#.#
...........############
#...#
#....)....##.........#
#...#
#######(..##.........#
#...# #..[##.........#
#...#
####..g##.........###.#.#
.......oo@.......†.'...#..
#####...##.........#####..
#...##.........# #....
######.........# #.###
#.........# #. ..
########### # .# # #


You could see an orc priest, an orc and a hobgoblin.

Vanquished Creatures
  An orc priest (D:3)
  A gnoll (D:2)
  6 adders
  An ooze (D:3)
  2 dart slugs
  2 giant geckos
  3 orcs (D:3)
  5 bats
  3 giant cockroaches
  7 hobgoblins
  10 jackals
  5 kobolds
  A quokka (D:3)
  A ball python (D:2)
  A giant newt (D:1)
  8 goblins
  7 rats
64 creatures vanquished.

Notes
Turn   | Place    | Note
-------+----------+-------------------------------------------
     0 | D:1      | Vasilisck the Minotaur Fighter began the quest for the Orb.
     0 | D:1      | Reached XP level 1. HP: 19/19 MP: 0/0
   201 | D:1      | Reached XP level 2. HP: 27/27 MP: 1/1
   267 | D:1      | Reached skill level 4 in Shields
   646 | D:1      | Reached XP level 3. HP: 33/33 MP: 2/2
   974 | D:2      | Reached XP level 4. HP: 28/40 MP: 3/3
  1183 | D:2      | Found a shimmering altar of Xom.
  1964 | D:3      | Reached skill level 5 in Shields
  2176 | D:3      | Reached XP level 5. HP: 45/46 MP: 4/4
  2211 | D:3      | HP: 2/46 [orc priest/divine providence (13)]
  2212 | D:3      | Killed from afar by an orc priest

Vault maps used:
D:1:      minmay_arrival_checkered_box
D:2:      overflow_temple_1_default, minmay_misc_feat_columns
D:3:      kennysheep_generic_room_9

Skill      XL: |  1  2  3  4  5 |
---------------+----------------+-----
Shields        | 4 5 |  5.1
Armour         | 4 |  4.7
Axes           | 3 4 |  4.1
Fighting       | 4 |  4.3

Action                   |  1- 3 |  4- 6 || total
-------------------------+-------+-------++-------
Melee: War axe           |    80 |    81 ||   161
       Headbutt          |    10 |    10 ||    20
  Use: Potion            |       |     2 ||     2
  Eat: Chunk             |       |     4 ||     4
Armor: Scale mail        |    44 |    37 ||    81
Dodge: Dodged            |    34 |    23 ||    57
Block: Shield            |    52 |    59 ||   111
